BlackHawks vs Wild

Created - October-01-14 at 16:57

Simulating a Pre-Season

Goals
1 2 3 T
BlackHawks 2 0 0 2
Wild 1 1 2 4
Shots
1 2 3 T
BlackHawks 12 8 4 24
Wild 13 17 12 42

1st period

1. Wild , Bobby Ryan 2 (Fedor Tyutin, Andrei Markov) at 1:25 (PP)
2. BlackHawks , Jordan Staal 2 (Kevin Bieksa, Alex Galchenyuk) at 7:20 (PP)
3. BlackHawks , Zack Smith 1 (Kevin Bieksa) at 12:58

Penalties :
Jared Boll (CHI) for Hooking (Minor) at 0:03, Brandon Bollig (CHI) for Roughing (Minor) at 2:56, Dion Phaneuf (CHI) for Tripping (Minor) at 3:23, Blake Comeau (MIN) for Holding (Minor) at 6:53

2nd period

4. Wild , Erik Cole 1 (Michael Stone, Jesse Winchester) at 11:19

Penalties :
Luke Schenn (CHI) for Hooking (Minor) at 3:51, Matt Greene (CHI) for Hooking (Minor) at 8:27, Daniel Alfredsson (MIN) for Tripping (Minor) at 18:52, Jared Boll (CHI) for Roughing (Minor) at 18:52

3rd period

5. Wild , Bryan Little 3 (Mark Streit, John-Michael Liles) at 0:41
6. Wild , Bryan Little 4 (Andrei Markov, Fedor Tyutin) at 9:38 (PP)

Penalties :
Kevin Bieksa (CHI) for High sticking (Minor) at 1:14, Matt Greene (CHI) for High sticking (Minor) at 4:45, Douglas Murray (CHI) for Tripping (Minor) at 9:28, Jared Boll (CHI) for Hooking (Minor) at 10:40, Kevin Bieksa (CHI) for Hooking (Minor) at 12:35, Lars Eller (CHI) for Delaying the game (Minor) at 17:52

Goalie Stats

Eddie Lack (CHI), 38 saves from 42 shots - (0.905), L, 1-3-0, 60:00 minutes
Josh Harding (MIN), 22 saves from 24 shots - (0.917), W, 2-3-1, 60:00 minutes

Players Stats for BlackHawks

Player Name              G  A  P  +/- PIM S  H  SB GA TA FO     MP     PP MP  PK MP  
------------------------------------------------------------------------------------
Alex Galchenyuk          0  1  1  -1  0   1  0  0  0  0  1/2    16:05   0:27   0:24 
Brandon Bollig           0  0  0   0  2   2  0  0  0  0  1/1    13:22   0:00   7:11 
Brenden Morrow           0  0  0   0  0   0  1  0  0  0  1/2    16:16   0:00   8:30 
Dion Phaneuf             0  0  0   0  2   1  2  5  0  0  0/0    26:31   0:27   8:50 
Douglas Murray           0  0  0   0  2   1  1  1  0  0  0/0    12:47   0:00   0:24 
Dwight King              0  0  0   0  0   1  0  0  0  0  0/0    12:34   0:00   0:00 
Jared Boll               0  0  0   0  6   0  2  0  0  0  1/2    13:23   0:00   0:00 
Jarred Tinordi           0  0  0   0  0   0  1  2  0  0  0/0     6:58   0:00   3:33 
Jordan Staal             1  0  1  -1  0   5  1  0  0  0  16/26  17:21   0:27   1:40 
Kevin Bieksa             0  2  2  -1  4   2  4  1  0  0  0/0    18:05   0:27   5:31 
Lars Eller               0  0  0   0  2   2  0  0  0  0  4/9    12:44   0:00   0:00 
Luke Schenn              0  0  0  -1  2   0  0  1  0  0  0/0    12:48   0:00   0:00 
Matt Greene              0  0  0   0  4   0  2  1  0  0  0/0    18:52   0:00   7:11 
Nathan Horton            0  0  0   0  0   4  1  0  0  0  2/2    13:01   0:27   0:00 
Patrick Bordeleau        0  0  0   0  0   0  1  0  0  0  0/2    13:47   0:00   0:00 
Travis Hamonic           0  0  0   0  0   2  0  4  0  0  0/0    23:52   0:00  10:03 
Trevor Lewis             0  0  0   0  0   1  0  0  0  0  8/15   13:55   0:00   7:43 
Zack Smith               1  0  1   0  0   2  0  0  0  0  14/29  16:05   0:00   8:30 

Players Stats for Wild

Player Name              G  A  P  +/- PIM S  H  SB GA TA FO     MP     PP MP  PK MP  
------------------------------------------------------------------------------------
Andrei Markov            0  2  2   0  0   6  0  0  0  0  0/0    27:23   9:50   0:10 
Andrew Ebbett            0  0  0   0  0   0  1  0  0  0  0/0     2:12   0:00   0:00 
Blake Comeau             0  0  0   0  2   3  2  0  0  0  0/1    19:55   8:09   0:00 
Bobby Ryan               1  0  1   1  0   3  3  0  0  0  4/5    25:43   9:38   0:27 
Bryan Little             2  0  2   1  0   8  1  0  0  0  21/37  27:55   9:38   0:27 
Chris Phillips           0  0  0   0  0   1  5  0  0  0  0/0    10:39   0:00   0:00 
Colin Wilson             0  0  0   0  0   2  0  0  0  0  11/29  19:56   8:09   0:00 
Daniel Alfredsson        0  0  0   0  2   1  3  0  0  0  0/2    23:27   9:38   0:00 
Erik Cole                1  0  1   0  0   3  0  0  0  0  0/0    12:09   0:00   0:00 
Fedor Tyutin             0  2  2   0  0   4  3  1  0  0  0/0    25:03   9:50   0:10 
Jesse Winchester         0  1  1   0  0   1  4  0  0  0  2/9    11:58   0:00   0:00 
John-Michael Liles       0  1  1   1  0   0  2  0  0  0  0/0    21:58   7:57   0:17 
Mark Streit              0  1  1   1  0   3  5  2  0  0  0/0    21:58   7:57   0:17 
Michael Ryder            0  0  0   0  0   1  0  0  0  0  0/0    11:58   0:00   0:00 
Michael Stone            0  1  1   0  0   0  1  1  0  0  0/0    10:39   0:00   0:00 
Milan Michalek           0  0  0   0  0   5  1  0  0  0  0/1    20:07   8:09   0:00 
Pierre-Marc Bouchard     0  0  0   0  0   1  0  0  0  0  4/6     2:12   0:00   0:00 
Rob Scuderi              0  0  0   0  0   0  0  0  0  0  0/0     2:20   0:00   0:00 

3 Stars

1 - Bryan Little (MIN)
2 - Bobby Ryan (MIN)
3 - Mark Streit (MIN)

Power Play

BlackHawks - 1 on 1 Attempt(s) - 100.00%
Wild - 2 on 11 Attempt(s) - 18.18%

Penalty Kill

BlackHawks - 9 on 11 Attempt(s) - 81.82% - Score 0 goal in Penalty Kill
Wild - 0 on 1 Attempt(s) - 0.00% - Score 0 goal in Penalty Kill

Official

Referees : Eric Furlatt and Wes McCauley
Linesman : David Brisebois and Greg Devorski

Game Notes

No Game Note

% Time on Ice - BlackHawks

Lines # - Real PCT - Wanted PCT - Time Play
Normal Forward
1 - 34% - 32% - 13:26
2 - 32% - 26% - 12:34
3 - 19% - 22% - 7:35
4 - 16% - 20% - 6:12
Normal Defense
1 - 31% - 35% - 12:15
2 - 29% - 28% - 11:43
3 - 31% - 20% - 12:24
4 - 9% - 17% - 3:25
PP Forward
1 - 100% - 55% - 0:27
2 - 0% - 45% - 0:00
PP Defense
1 - 100% - 60% - 0:27
2 - 0% - 40% - 0:00
PK Forward
1 - 55% - 55% - 8:54
2 - 45% - 45% - 7:17
PK Defense
1 - 50% - 55% - 8:01
2 - 50% - 45% - 8:10
PK3 Forward
1 - 73% - 50% - 1:10
2 - 27% - 50% - 0:26
PK3 Defense
1 - 31% - 55% - 0:30
2 - 69% - 45% - 1:06
44 Forward
1 - 91% - 55% - 1:48
2 - 9% - 45% - 0:11
44 Defense
1 - 79% - 55% - 1:34
2 - 21% - 45% - 0:25
Last Minute Offensive  - 0:00
Last Minute Defensive  - 0:00
Total
Forward - 60:00
Defense - 60:00

% Time on Ice - Wild

Lines # - Real PCT - Wanted PCT - Time Play
Normal Forward
1 - 35% - 40% - 13:50
2 - 30% - 30% - 11:47
3 - 30% - 20% - 11:58
4 - 6% - 10% - 2:12
Normal Defense
1 - 34% - 40% - 13:39
2 - 33% - 30% - 13:09
3 - 27% - 20% - 10:39
4 - 6% - 10% - 2:20
PP Forward
1 - 54% - 60% - 9:38
2 - 46% - 40% - 8:09
PP Defense
1 - 55% - 60% - 9:50
2 - 45% - 40% - 7:57
PK Forward
1 - 100% - 60% - 0:27
2 - 0% - 40% - 0:00
PK Defense
1 - 37% - 60% - 0:10
2 - 63% - 40% - 0:17
PK3 Forward
1 - 0% - 60%
2 - 0% - 40%
PK3 Defense
1 - 0% - 60%
2 - 0% - 40%
44 Forward
1 - 91% - 60% - 1:48
2 - 9% - 40% - 0:11
44 Defense
1 - 71% - 60% - 1:24
2 - 29% - 40% - 0:35
Last Minute Offensive  - 0:00
Last Minute Defensive  - 0:00
Total
Forward - 60:00
Defense - 60:00

Play by Play

1st period


0:01 of 1st period - Bryan Little wins face-off versus Jordan Staal in neutral zone.
0:03 of 1st period - Minor Penalty to Jared Boll for Hooking.
0:04 of 1st period - Bryan Little wins face-off versus Zack Smith in BlackHawks zone.
0:05 of 1st period - Shot by Fedor Tyutin.
0:05 of 1st period - Shot Blocked by Dion Phaneuf.
0:07 of 1st period - Shot by Fedor Tyutin.
0:07 of 1st period - Stopped by Eddie Lack with a rebound.
0:29 of 1st period - Shot by Andrei Markov.
0:29 of 1st period - Stopped by Eddie Lack without a rebound.
0:30 of 1st period - Trevor Lewis wins face-off versus Colin Wilson in BlackHawks zone.
1:02 of 1st period - Shot by Mark Streit.
1:02 of 1st period - Stopped by Eddie Lack without a rebound.
1:03 of 1st period - Zack Smith wins face-off versus Bryan Little in BlackHawks zone.
1:09 of 1st period - Icing by Bobby Ryan.
1:10 of 1st period - Bryan Little wins face-off versus Zack Smith in Wild zone.
1:25 of 1st period - Shot by Bobby Ryan.
1:25 of 1st period - Goal by Bobby Ryan - BlackHawks : 0 - Wild : 1.
1:26 of 1st period - Jordan Staal wins face-off versus Colin Wilson in neutral zone.
1:35 of 1st period - Shot by Colin Wilson.
1:35 of 1st period - Stopped by Eddie Lack without a rebound.
1:36 of 1st period - Lars Eller wins face-off versus Bobby Ryan in BlackHawks zone.
1:36 of 1st period - Lars Eller is hit by Bryan Little.
1:48 of 1st period - Shot by Dwight King.
1:48 of 1st period - Stopped by Josh Harding with a rebound.
1:56 of 1st period - Shot by Travis Hamonic.
1:56 of 1st period - Stopped by Josh Harding without a rebound.
1:57 of 1st period - Zack Smith wins face-off versus Colin Wilson in Wild zone.
1:57 of 1st period - Kevin Bieksa is hit by Mark Streit and loses puck.
2:23 of 1st period - Off-side.
2:24 of 1st period - Jordan Staal wins face-off versus Bryan Little in neutral zone.
2:29 of 1st period - Off-side.
2:30 of 1st period - Jordan Staal wins face-off versus Jesse Winchester in neutral zone.
2:34 of 1st period - Alex Galchenyuk is hit by Chris Phillips and loses puck.
2:54 of 1st period - Icing by Michael Stone.
2:55 of 1st period - Jesse Winchester wins face-off versus Trevor Lewis in Wild zone.
2:55 of 1st period - Jesse Winchester is hit by Patrick Bordeleau.
2:56 of 1st period - Minor Penalty to Brandon Bollig for Roughing.
2:57 of 1st period - Zack Smith wins face-off versus Bryan Little in BlackHawks zone.
3:23 of 1st period - Minor Penalty to Dion Phaneuf for Tripping.
3:24 of 1st period - Jordan Staal wins face-off versus Colin Wilson in BlackHawks zone.
3:45 of 1st period - Shot by Milan Michalek.
3:45 of 1st period - Stopped by Eddie Lack without a rebound.
3:46 of 1st period - Jordan Staal wins face-off versus Bryan Little in BlackHawks zone.
4:25 of 1st period - Shot by Fedor Tyutin.
4:25 of 1st period - Shot Blocked by Travis Hamonic.
4:27 of 1st period - Shot by Bobby Ryan.
4:27 of 1st period - Shot Misses the Net.
4:49 of 1st period - Shot by Mark Streit.
4:49 of 1st period - Shot Misses the Net.
4:51 of 1st period - Shot by Mark Streit.
4:51 of 1st period - Shot Blocked by Jarred Tinordi.
4:53 of 1st period - Shot by Blake Comeau.
4:53 of 1st period - Stopped by Eddie Lack without a rebound.
4:54 of 1st period - Colin Wilson wins face-off versus Trevor Lewis in BlackHawks zone.
5:09 of 1st period - Shot by Mark Streit.
5:09 of 1st period - Shot Misses the Net.
5:37 of 1st period - Dwight King is hit by Jesse Winchester and loses puck.
5:45 of 1st period - Nathan Horton is hit by Chris Phillips and loses puck.
6:25 of 1st period - Off-side.
6:26 of 1st period - Alex Galchenyuk wins face-off versus Daniel Alfredsson in neutral zone.
6:39 of 1st period - Shot by Jordan Staal.
6:39 of 1st period - Shot Misses the Net.
6:41 of 1st period - Shot by Travis Hamonic.
6:41 of 1st period - Shot Misses the Net.
6:43 of 1st period - Shot by Jordan Staal.
6:43 of 1st period - Stopped by Josh Harding without a rebound.
6:44 of 1st period - Trevor Lewis wins face-off versus Colin Wilson in Wild zone.
6:44 of 1st period - Trevor Lewis is hit by Mark Streit.
6:49 of 1st period - Trevor Lewis is hit by John-Michael Liles and loses puck.
6:53 of 1st period - Minor Penalty to Blake Comeau for Holding.
6:54 of 1st period - Jordan Staal wins face-off versus Bryan Little in Wild zone.
6:55 of 1st period - Shot by Kevin Bieksa.
6:55 of 1st period - Stopped by Josh Harding without a rebound.
6:56 of 1st period - Jordan Staal wins face-off versus Bryan Little in Wild zone.
6:59 of 1st period - Shot by Nathan Horton.
6:59 of 1st period - Stopped by Josh Harding with a rebound.
7:11 of 1st period - Bobby Ryan is hit by Jordan Staal and loses puck.
7:20 of 1st period - Shot by Jordan Staal.
7:20 of 1st period - Goal by Jordan Staal - BlackHawks : 1 - Wild : 1.
7:21 of 1st period - Trevor Lewis wins face-off versus Colin Wilson in neutral zone.
7:36 of 1st period - Off-side.
7:37 of 1st period - Bryan Little wins face-off versus Jordan Staal in neutral zone.
8:06 of 1st period - Shot by Daniel Alfredsson.
8:06 of 1st period - Stopped by Eddie Lack without a rebound.
8:07 of 1st period - Colin Wilson wins face-off versus Zack Smith in BlackHawks zone.
8:11 of 1st period - Icing by Matt Greene.
8:12 of 1st period - Zack Smith wins face-off versus Colin Wilson in BlackHawks zone.
8:49 of 1st period - Shot by Milan Michalek.
8:49 of 1st period - Shot Blocked by Matt Greene.
8:52 of 1st period - Icing by Kevin Bieksa.
8:53 of 1st period - Zack Smith wins face-off versus Bryan Little in BlackHawks zone.
10:13 of 1st period - Dwight King is hit by Mark Streit and loses puck.
10:24 of 1st period - Shot by Lars Eller.
10:24 of 1st period - Shot Misses the Net.
10:26 of 1st period - Shot by Lars Eller.
10:26 of 1st period - Shot Misses the Net.
10:28 of 1st period - Shot by Lars Eller.
10:28 of 1st period - Shot Blocked by Mark Streit.
10:30 of 1st period - Shot by Dwight King.
10:30 of 1st period - Deflect By Lars Eller.
10:30 of 1st period - Stopped by Josh Harding without a rebound.
10:31 of 1st period - Trevor Lewis wins face-off versus Blake Comeau in Wild zone.
10:58 of 1st period - Shot by Trevor Lewis.
10:58 of 1st period - Stopped by Josh Harding with a rebound.
11:00 of 1st period - Shot by Kevin Bieksa.
11:00 of 1st period - Shot Misses the Net.
11:10 of 1st period - Shot by Brandon Bollig.
11:10 of 1st period - Stopped by Josh Harding with a rebound.
11:19 of 1st period - Andrei Markov is hit by Dion Phaneuf.
12:21 of 1st period - Douglas Murray is hit by Jesse Winchester and loses puck.
12:58 of 1st period - Shot by Zack Smith.
12:58 of 1st period - Goal by Zack Smith - BlackHawks : 2 - Wild : 1.
12:59 of 1st period - Pierre-Marc Bouchard wins face-off versus Trevor Lewis in neutral zone.
13:22 of 1st period - Shot by Pierre-Marc Bouchard.
13:22 of 1st period - Stopped by Eddie Lack with a rebound.
13:26 of 1st period - Shot by Bryan Little.
13:26 of 1st period - Shot Misses the Net.
13:28 of 1st period - Shot by Bryan Little.
13:28 of 1st period - Stopped by Eddie Lack without a rebound.
13:29 of 1st period - Jordan Staal wins face-off versus Bryan Little in BlackHawks zone.
13:29 of 1st period - Jordan Staal is hit by Daniel Alfredsson.
14:44 of 1st period - Shot by Nathan Horton.
14:44 of 1st period - Shot Misses the Net.
14:50 of 1st period - Shot by Lars Eller.
14:50 of 1st period - Stopped by Josh Harding without a rebound.
14:51 of 1st period - Zack Smith wins face-off versus Colin Wilson in Wild zone.
14:58 of 1st period - Shot by Zack Smith.
14:58 of 1st period - Shot Misses the Net.
15:53 of 1st period - Dion Phaneuf is hit by Chris Phillips and loses puck.
16:14 of 1st period - Shot by Erik Cole.
16:14 of 1st period - Shot Misses the Net.
16:16 of 1st period - Shot by Jesse Winchester.
16:16 of 1st period - Shot Misses the Net.
17:04 of 1st period - Shot by Daniel Alfredsson.
17:04 of 1st period - Shot Misses the Net.
17:06 of 1st period - Shot by Bobby Ryan.
17:06 of 1st period - Shot Misses the Net.
17:42 of 1st period - Shot by Colin Wilson.
17:42 of 1st period - Deflect By Milan Michalek.
17:42 of 1st period - Shot Misses the Net.
17:46 of 1st period - Shot by Blake Comeau.
17:46 of 1st period - Shot Misses the Net.
17:58 of 1st period - Shot by Milan Michalek.
17:58 of 1st period - Stopped by Eddie Lack without a rebound.
17:59 of 1st period - Trevor Lewis wins face-off versus Jesse Winchester in BlackHawks zone.
18:28 of 1st period - Shot by Jesse Winchester.
18:28 of 1st period - Shot Blocked by Kevin Bieksa.
18:30 of 1st period - Shot by Chris Phillips.
18:30 of 1st period - Stopped by Eddie Lack without a rebound.
18:31 of 1st period - Jordan Staal wins face-off versus Pierre-Marc Bouchard in BlackHawks zone.
18:31 of 1st period - Jordan Staal is hit by Andrew Ebbett.
18:39 of 1st period - Shot by Jordan Staal.
18:39 of 1st period - Stopped by Josh Harding without a rebound.
18:40 of 1st period - Jordan Staal wins face-off versus Bryan Little in Wild zone.
18:45 of 1st period - Shot by Alex Galchenyuk.
18:45 of 1st period - Shot Misses the Net.
19:09 of 1st period - Shot by Bobby Ryan.
19:09 of 1st period - Stopped by Eddie Lack with a rebound.
19:23 of 1st period - Alex Galchenyuk is hit by Fedor Tyutin and loses puck.
19:42 of 1st period - Matt Greene is hit by Fedor Tyutin and loses puck.
Goals for this period are 2 for BlackHawks vs 1 for Wild.
Shots for this period are 12 for BlackHawks vs 13 for Wild.

2nd period


0:01 of 2nd period - Bryan Little wins face-off versus Patrick Bordeleau in neutral zone.
0:12 of 2nd period - Shot by Bobby Ryan.
0:12 of 2nd period - Shot Blocked by Jarred Tinordi.
0:29 of 2nd period - Shot by Patrick Bordeleau.
0:29 of 2nd period - Shot Misses the Net.
0:31 of 2nd period - Shot by Trevor Lewis.
0:31 of 2nd period - Shot Blocked by Fedor Tyutin.
0:33 of 2nd period - Shot by Brandon Bollig.
0:33 of 2nd period - Stopped by Josh Harding without a rebound.
0:34 of 2nd period - Jordan Staal wins face-off versus Colin Wilson in Wild zone.
0:34 of 2nd period - Jordan Staal is hit by John-Michael Liles.
0:55 of 2nd period - Matt Greene is hit by Mark Streit and loses puck.
1:02 of 2nd period - Shot by Jordan Staal.
1:02 of 2nd period - Stopped by Josh Harding with a rebound.
1:04 of 2nd period - Shot by Kevin Bieksa.
1:04 of 2nd period - Shot Blocked by Mark Streit.
1:50 of 2nd period - Shot by Bryan Little.
1:50 of 2nd period - Stopped by Eddie Lack with a rebound.
1:52 of 2nd period - Shot by Andrei Markov.
1:52 of 2nd period - Shot Misses the Net.
1:54 of 2nd period - Shot by Bobby Ryan.
1:54 of 2nd period - Shot Misses the Net.
2:00 of 2nd period - Shot by Daniel Alfredsson.
2:00 of 2nd period - Shot Misses the Net.
2:02 of 2nd period - Shot by Bobby Ryan.
2:02 of 2nd period - Shot Misses the Net.
2:29 of 2nd period - Shot by Michael Ryder.
2:29 of 2nd period - Shot Misses the Net.
2:31 of 2nd period - Shot by Michael Ryder.
2:31 of 2nd period - Stopped by Eddie Lack without a rebound.
2:32 of 2nd period - Zack Smith wins face-off versus Jesse Winchester in BlackHawks zone.
2:51 of 2nd period - Shot by Jesse Winchester.
2:51 of 2nd period - Stopped by Eddie Lack without a rebound.
2:52 of 2nd period - Jordan Staal wins face-off versus Colin Wilson in BlackHawks zone.
2:59 of 2nd period - John-Michael Liles is hit by Jared Boll and loses puck.
3:06 of 2nd period - Shot by Alex Galchenyuk.
3:06 of 2nd period - Shot Misses the Net.
3:08 of 2nd period - Shot by Kevin Bieksa.
3:08 of 2nd period - Shot Misses the Net.
3:36 of 2nd period - Off-side.
3:37 of 2nd period - Bryan Little wins face-off versus Zack Smith in neutral zone.
3:51 of 2nd period - Shot by Bryan Little.
3:51 of 2nd period - Stopped by Eddie Lack without a rebound.
3:51 of 2nd period - Minor Penalty to Luke Schenn for Hooking.
3:52 of 2nd period - Bryan Little wins face-off versus Zack Smith in BlackHawks zone.
4:13 of 2nd period - Shot by Fedor Tyutin.
4:13 of 2nd period - Stopped by Eddie Lack without a rebound.
4:14 of 2nd period - Colin Wilson wins face-off versus Trevor Lewis in BlackHawks zone.
4:35 of 2nd period - Shot by Colin Wilson.
4:35 of 2nd period - Stopped by Eddie Lack without a rebound.
4:36 of 2nd period - Bryan Little wins face-off versus Zack Smith in BlackHawks zone.
6:13 of 2nd period - Shot by Jordan Staal.
6:13 of 2nd period - Shot Blocked by Michael Stone.
6:18 of 2nd period - Jordan Staal is hit by Chris Phillips and loses puck.
6:26 of 2nd period - Jordan Staal is hit by Michael Stone and loses puck.
6:32 of 2nd period - Alex Galchenyuk is hit by Chris Phillips.
7:21 of 2nd period - Off-side.
7:22 of 2nd period - Lars Eller wins face-off versus Daniel Alfredsson in neutral zone.
7:24 of 2nd period - Nathan Horton is hit by Fedor Tyutin.
7:30 of 2nd period - Shot by Nathan Horton.
7:30 of 2nd period - Stopped by Josh Harding with a rebound.
7:38 of 2nd period - Shot by Nathan Horton.
7:38 of 2nd period - Stopped by Josh Harding without a rebound.
7:39 of 2nd period - Jared Boll wins face-off versus Colin Wilson in Wild zone.
7:44 of 2nd period - Shot by Alex Galchenyuk.
7:44 of 2nd period - Shot Misses the Net.
7:50 of 2nd period - Shot by Jordan Staal.
7:50 of 2nd period - Stopped by Josh Harding without a rebound.
7:51 of 2nd period - Nathan Horton wins face-off versus Bryan Little in Wild zone.
8:05 of 2nd period - Kevin Bieksa is hit by Bobby Ryan and loses puck.
8:14 of 2nd period - Shot by Andrei Markov.
8:14 of 2nd period - Stopped by Eddie Lack with a rebound.
8:26 of 2nd period - Shot by Andrei Markov.
8:26 of 2nd period - Shot Misses the Net.
8:27 of 2nd period - Minor Penalty to Matt Greene for Hooking.
8:28 of 2nd period - Zack Smith wins face-off versus Colin Wilson in BlackHawks zone.
8:41 of 2nd period - Shot by Blake Comeau.
8:41 of 2nd period - Shot Misses the Net.
8:43 of 2nd period - Shot by Colin Wilson.
8:43 of 2nd period - Shot Hit the Post.
8:47 of 2nd period - Shot by Mark Streit.
8:47 of 2nd period - Stopped by Eddie Lack without a rebound.
8:48 of 2nd period - Bryan Little wins face-off versus Zack Smith in BlackHawks zone.
9:11 of 2nd period - Shot by Andrei Markov.
9:11 of 2nd period - Shot Misses the Net.
10:05 of 2nd period - Shot by Milan Michalek.
10:05 of 2nd period - Stopped by Eddie Lack without a rebound.
10:06 of 2nd period - Bobby Ryan wins face-off versus Zack Smith in BlackHawks zone.
10:29 of 2nd period - Douglas Murray is hit by Jesse Winchester and loses puck.
10:38 of 2nd period - Shot by Luke Schenn.
10:38 of 2nd period - Shot Misses the Net.
10:40 of 2nd period - Shot by Jordan Staal.
10:40 of 2nd period - Shot Misses the Net.
10:53 of 2nd period - Icing by Chris Phillips.
10:54 of 2nd period - Zack Smith wins face-off versus Jesse Winchester in Wild zone.
11:08 of 2nd period - Jesse Winchester is hit by Kevin Bieksa and loses puck.
11:19 of 2nd period - Shot by Erik Cole.
11:19 of 2nd period - Goal by Erik Cole - BlackHawks : 2 - Wild : 2.
11:20 of 2nd period - Colin Wilson wins face-off versus Jordan Staal in neutral zone.
11:49 of 2nd period - Shot by Blake Comeau.
11:49 of 2nd period - Shot Misses the Net.
11:51 of 2nd period - Shot by Blake Comeau.
11:51 of 2nd period - Shot Blocked by Luke Schenn.
11:53 of 2nd period - Shot by Fedor Tyutin.
11:53 of 2nd period - Shot Blocked by Douglas Murray.
12:14 of 2nd period - Off-side.
12:15 of 2nd period - Bryan Little wins face-off versus Patrick Bordeleau in neutral zone.
12:38 of 2nd period - Travis Hamonic is hit by Mark Streit and loses puck.
12:56 of 2nd period - Icing by Travis Hamonic.
12:57 of 2nd period - Trevor Lewis wins face-off versus Jesse Winchester in BlackHawks zone.
14:05 of 2nd period - Shot by Nathan Horton.
14:05 of 2nd period - Stopped by Josh Harding without a rebound.
14:06 of 2nd period - Bryan Little wins face-off versus Alex Galchenyuk in Wild zone.
14:45 of 2nd period - Shot by Bryan Little.
14:45 of 2nd period - Shot Misses the Net.
14:47 of 2nd period - Shot by Bryan Little.
14:47 of 2nd period - Stopped by Eddie Lack without a rebound.
14:48 of 2nd period - Lars Eller wins face-off versus Colin Wilson in BlackHawks zone.
14:50 of 2nd period - Icing by Dwight King.
14:51 of 2nd period - Colin Wilson wins face-off versus Lars Eller in BlackHawks zone.
15:08 of 2nd period - Shot by Milan Michalek.
15:08 of 2nd period - Stopped by Eddie Lack without a rebound.
15:09 of 2nd period - Pierre-Marc Bouchard wins face-off versus Brenden Morrow in BlackHawks zone.
15:10 of 2nd period - Shot by Bryan Little.
15:10 of 2nd period - Stopped by Eddie Lack without a rebound.
15:11 of 2nd period - Brandon Bollig wins face-off versus Bryan Little in BlackHawks zone.
16:12 of 2nd period - Shot by Blake Comeau.
16:12 of 2nd period - Stopped by Eddie Lack without a rebound.
16:13 of 2nd period - Jordan Staal wins face-off versus Jesse Winchester in BlackHawks zone.
16:13 of 2nd period - Jordan Staal is hit by Jesse Winchester.
16:38 of 2nd period - Shot by Jordan Staal.
16:38 of 2nd period - Shot Misses the Net.
16:40 of 2nd period - Shot by Kevin Bieksa.
16:40 of 2nd period - Stopped by Josh Harding without a rebound.
16:41 of 2nd period - Colin Wilson wins face-off versus Lars Eller in Wild zone.
16:48 of 2nd period - Douglas Murray is hit by Blake Comeau and loses puck.
17:42 of 2nd period - Daniel Alfredsson is hit by Jared Boll and loses puck.
17:51 of 2nd period - Shot by Alex Galchenyuk.
17:51 of 2nd period - Stopped by Josh Harding without a rebound.
17:52 of 2nd period - Zack Smith wins face-off versus Jesse Winchester in Wild zone.
18:04 of 2nd period - Michael Stone is hit by Matt Greene and loses puck.
18:20 of 2nd period - Shot by Erik Cole.
18:20 of 2nd period - Stopped by Eddie Lack without a rebound.
18:21 of 2nd period - Bryan Little wins face-off versus Jordan Staal in BlackHawks zone.
18:28 of 2nd period - Shot by Bryan Little.
18:28 of 2nd period - Stopped by Eddie Lack without a rebound.
18:29 of 2nd period - Jordan Staal wins face-off versus Bryan Little in BlackHawks zone.
18:29 of 2nd period - Jordan Staal is hit by Daniel Alfredsson.
18:52 of 2nd period - Minor Penalty to Daniel Alfredsson for Tripping.
18:52 of 2nd period - Minor Penalty to Jared Boll for Roughing.
18:53 of 2nd period - Bryan Little wins face-off versus Jordan Staal in neutral zone.
19:06 of 2nd period - Shot by Mark Streit.
19:06 of 2nd period - Stopped by Eddie Lack without a rebound.
19:07 of 2nd period - Bryan Little wins face-off versus Jordan Staal in BlackHawks zone.
19:12 of 2nd period - Shot by Bryan Little.
19:12 of 2nd period - Shot Blocked by Travis Hamonic.
19:14 of 2nd period - Shot by Bryan Little.
19:14 of 2nd period - Deflect By Bobby Ryan.
19:14 of 2nd period - Shot Misses the Net.
19:16 of 2nd period - Shot by Fedor Tyutin.
19:16 of 2nd period - Shot Blocked by Dion Phaneuf.
19:18 of 2nd period - Shot by Fedor Tyutin.
19:18 of 2nd period - Shot Blocked by Dion Phaneuf.
19:37 of 2nd period - Bobby Ryan is hit by Dion Phaneuf and loses puck.
Goals for this period are 0 for BlackHawks vs 1 for Wild.
Shots for this period are 8 for BlackHawks vs 17 for Wild.

3rd period


0:01 of 3rd period - Jordan Staal wins face-off versus Bryan Little in neutral zone.
0:06 of 3rd period - Shot by Alex Galchenyuk.
0:06 of 3rd period - Shot Misses the Net.
0:08 of 3rd period - Shot by Dion Phaneuf.
0:08 of 3rd period - Stopped by Josh Harding without a rebound.
0:09 of 3rd period - Jordan Staal wins face-off versus Bryan Little in Wild zone.
0:31 of 3rd period - Off-side.
0:32 of 3rd period - Bryan Little wins face-off versus Jordan Staal in neutral zone.
0:39 of 3rd period - Shot by Bryan Little.
0:39 of 3rd period - Shot Misses the Net.
0:41 of 3rd period - Shot by Bryan Little.
0:41 of 3rd period - Goal by Bryan Little - BlackHawks : 2 - Wild : 3.
0:42 of 3rd period - Bobby Ryan wins face-off versus Lars Eller in neutral zone.
0:42 of 3rd period - Andrei Markov is hit by Brenden Morrow and loses puck.
1:14 of 3rd period - Minor Penalty to Kevin Bieksa for High sticking.
1:15 of 3rd period - Bryan Little wins face-off versus Zack Smith in BlackHawks zone.
2:39 of 3rd period - Icing by John-Michael Liles.
2:40 of 3rd period - Zack Smith wins face-off versus Colin Wilson in Wild zone.
3:02 of 3rd period - Colin Wilson is hit by Jarred Tinordi and loses puck.
3:55 of 3rd period - Off-side.
3:56 of 3rd period - Pierre-Marc Bouchard wins face-off versus Trevor Lewis in neutral zone.
4:12 of 3rd period - Icing by Mark Streit.
4:13 of 3rd period - Lars Eller wins face-off versus Pierre-Marc Bouchard in Wild zone.
4:39 of 3rd period - Mark Streit is hit by Kevin Bieksa and loses puck.
4:45 of 3rd period - Minor Penalty to Matt Greene for High sticking.
4:46 of 3rd period - Zack Smith wins face-off versus Milan Michalek in BlackHawks zone.
5:03 of 3rd period - Shot by Andrei Markov.
5:03 of 3rd period - Stopped by Eddie Lack without a rebound.
5:04 of 3rd period - Bryan Little wins face-off versus Zack Smith in BlackHawks zone.
5:35 of 3rd period - Dion Phaneuf is hit by Daniel Alfredsson and loses puck.
6:05 of 3rd period - Shot by Milan Michalek.
6:05 of 3rd period - Shot Misses the Net.
6:07 of 3rd period - Shot by Mark Streit.
6:07 of 3rd period - Shot Blocked by Dion Phaneuf.
6:09 of 3rd period - Shot by Milan Michalek.
6:09 of 3rd period - Stopped by Eddie Lack without a rebound.
6:10 of 3rd period - Colin Wilson wins face-off versus Trevor Lewis in BlackHawks zone.
6:10 of 3rd period - Mark Streit is hit by Kevin Bieksa and loses puck.
7:16 of 3rd period - Shot by Dwight King.
7:16 of 3rd period - Shot Misses the Net.
7:18 of 3rd period - Shot by Douglas Murray.
7:18 of 3rd period - Stopped by Josh Harding without a rebound.
7:19 of 3rd period - Bryan Little wins face-off versus Zack Smith in Wild zone.
7:46 of 3rd period - Shot by Bobby Ryan.
7:46 of 3rd period - Stopped by Eddie Lack without a rebound.
7:47 of 3rd period - Colin Wilson wins face-off versus Jordan Staal in BlackHawks zone.
7:47 of 3rd period - John-Michael Liles is hit by Matt Greene and loses puck.
8:36 of 3rd period - Icing by Milan Michalek.
8:37 of 3rd period - Colin Wilson wins face-off versus Zack Smith in Wild zone.
9:07 of 3rd period - Icing by Milan Michalek.
9:08 of 3rd period - Nathan Horton wins face-off versus Colin Wilson in Wild zone.
9:15 of 3rd period - Shot by Nathan Horton.
9:15 of 3rd period - Shot Misses the Net.
9:28 of 3rd period - Minor Penalty to Douglas Murray for Tripping.
9:29 of 3rd period - Bobby Ryan wins face-off versus Zack Smith in BlackHawks zone.
9:30 of 3rd period - Shot by Andrei Markov.
9:30 of 3rd period - Stopped by Eddie Lack without a rebound.
9:31 of 3rd period - Bryan Little wins face-off versus Zack Smith in BlackHawks zone.
9:38 of 3rd period - Shot by Bryan Little.
9:38 of 3rd period - Goal by Bryan Little - BlackHawks : 2 - Wild : 4.
9:39 of 3rd period - Zack Smith wins face-off versus Bryan Little in neutral zone.
9:39 of 3rd period - Travis Hamonic is hit by Bobby Ryan.
9:52 of 3rd period - Travis Hamonic is hit by Bobby Ryan and loses puck.
10:40 of 3rd period - Minor Penalty to Jared Boll for Hooking.
10:41 of 3rd period - Trevor Lewis wins face-off versus Colin Wilson in BlackHawks zone.
10:41 of 3rd period - Trevor Lewis is hit by Blake Comeau.
10:57 of 3rd period - Shot by Blake Comeau.
10:57 of 3rd period - Stopped by Eddie Lack without a rebound.
10:58 of 3rd period - Trevor Lewis wins face-off versus Colin Wilson in BlackHawks zone.
10:58 of 3rd period - Trevor Lewis is hit by Milan Michalek.
11:44 of 3rd period - Shot by John-Michael Liles.
11:44 of 3rd period - Shot Misses the Net.
11:50 of 3rd period - Shot by Bryan Little.
11:50 of 3rd period - Shot Blocked by Dion Phaneuf.
12:35 of 3rd period - Minor Penalty to Kevin Bieksa for Hooking.
12:36 of 3rd period - Bryan Little wins face-off versus Jordan Staal in BlackHawks zone.
12:37 of 3rd period - Shot by Andrei Markov.
12:37 of 3rd period - Stopped by Eddie Lack without a rebound.
12:38 of 3rd period - Colin Wilson wins face-off versus Jordan Staal in BlackHawks zone.
12:43 of 3rd period - Shot by Fedor Tyutin.
12:43 of 3rd period - Stopped by Eddie Lack without a rebound.
12:44 of 3rd period - Zack Smith wins face-off versus Bryan Little in BlackHawks zone.
13:03 of 3rd period - Shot by Brenden Morrow.
13:03 of 3rd period - Deflect By Zack Smith.
13:03 of 3rd period - Stopped by Josh Harding with a rebound.
14:33 of 3rd period - Shot by Bobby Ryan.
14:33 of 3rd period - Shot Blocked by Travis Hamonic.
14:35 of 3rd period - Shot by Bryan Little.
14:35 of 3rd period - Shot Misses the Net.
14:37 of 3rd period - Shot by Michael Ryder.
14:37 of 3rd period - Shot Misses the Net.
14:41 of 3rd period - Shot by Erik Cole.
14:41 of 3rd period - Stopped by Eddie Lack with a rebound.
14:54 of 3rd period - Icing by Lars Eller.
14:55 of 3rd period - Pierre-Marc Bouchard wins face-off versus Lars Eller in BlackHawks zone.
15:01 of 3rd period - Pierre-Marc Bouchard is hit by Douglas Murray and loses puck.
16:02 of 3rd period - Off-side.
16:03 of 3rd period - Colin Wilson wins face-off versus Trevor Lewis in neutral zone.
16:29 of 3rd period - Shot by Trevor Lewis.
16:29 of 3rd period - Shot Misses the Net.
16:31 of 3rd period - Shot by Travis Hamonic.
16:31 of 3rd period - Stopped by Josh Harding without a rebound.
16:32 of 3rd period - Jesse Winchester wins face-off versus Jared Boll in Wild zone.
17:48 of 3rd period - Icing by Mark Streit.
17:49 of 3rd period - Bobby Ryan wins face-off versus Lars Eller in Wild zone.
17:49 of 3rd period - Bobby Ryan is hit by Nathan Horton.
17:52 of 3rd period - Minor Penalty to Lars Eller for Delaying the game.
17:53 of 3rd period - Brenden Morrow wins face-off versus Colin Wilson in BlackHawks zone.
18:02 of 3rd period - Shot by Andrei Markov.
18:02 of 3rd period - Stopped by Eddie Lack without a rebound.
18:03 of 3rd period - Bryan Little wins face-off versus Zack Smith in BlackHawks zone.
18:26 of 3rd period - Bryan Little is hit by Kevin Bieksa and loses puck.
19:35 of 3rd period - Shot by Milan Michalek.
19:35 of 3rd period - Shot Blocked by Travis Hamonic.
19:37 of 3rd period - Shot by Fedor Tyutin.
19:37 of 3rd period - Stopped by Eddie Lack with a rebound.
Goals for this period are 0 for BlackHawks vs 2 for Wild.
Shots for this period are 4 for BlackHawks vs 12 for Wild.


Output by the SimonT Hockey Simulator (STHS) for Stephane Roy -- Original Page W3C XHTML 1.0 Valid
Hockey Simulator - Hockey Simulation - Hockey Manager